 Dungeon Crawl Stone Soup version 0.30.0-19-g36f170ea60 (webtiles) character file.

Game seed: 9911782039449292602

835 melkoren the Magician (level 7, -13/51 HPs)
             Began as a Gnoll Hedge Wizard on May 27, 2023.
             Was an Initiate of Yredelemnul.
             Killed by divine providence
             ... invoked by an orc priest
              (15 damage)
             ... on level 5 of the Dungeon.
             The game lasted 00:38:23 (6347 turns).

melkoren the Magician (Gnoll Hedge Wizard)          Turns: 6347, Time: 00:38:24

Health: -13/51     AC:  6    Str: 10    XL:     7   Next: 99%
Magic:  18/18      EV: 13    Int: 15    God:    Yredelemnul [......]
Gold:   323        SH:  0    Dex: 11    Spells: 11/21 levels left

rFire   . . .        l - +2 spear (venom)
rCold   . . .        (no shield)
rNeg    . . .        f - +0 leather armour
rPois   .            t - +1 helmet
rElec   .            (no cloak)
rCorr   .            (no gloves)
SInv    .            u - +0 pair of boots
Will    .....        (no amulet)
Stlth   ++           (no ring)
HPRegen 0.28/turn    (no ring)
MPRegen 0.16/turn

%: no passive effects
@: no status effects
A: fangs 1, strong nose, distributed training
a: Renounce Religion, Recall Undead Harvest


You were on level 5 of the Dungeon.
You worshipped Yredelemnul.
Yredelemnul was noncommittal.
You visited 1 branch of the dungeon, and saw 5 of its levels.

You collected 323 gold pieces.

Inventory:

Hand Weapons
 a - a +0 dagger
 h - a +2 mace of holy wrath
 i - a +0 whip of flaming
 l - a +2 spear of venom (weapon)
Missiles
 j - 19 poisoned darts
 m - a throwing net
 s - 5 curare-tipped darts
Armour
 b - a +0 robe
 c - a +0 hat
 f - a +0 leather armour (worn)
 t - a +1 helmet (worn)
 u - a +0 pair of boots (worn)
Magical Staves
 e - a staff of poison
Jewellery
 g - a ring of ice
 o - an amulet of the acrobat
Wands
 k - a wand of paralysis (8)
 n - a wand of acid (8)
Scrolls
 r - a scroll of teleportation
 v - a scroll of immolation
Potions
 d - a potion of magic
 p - a potion of curing
 q - 2 potions of berserk rage
 w - 2 potions of attraction
 z - a potion of flight


   Skills:
 + Level 2.9 Fighting
 + Level 2.9 Short Blades
 + Level 2.9 Long Blades
 + Level 2.9 Axes
 + Level 2.9 Maces & Flails
 + Level 2.9 Polearms
 + Level 2.9 Staves
 + Level 2.9 Ranged Weapons
 + Level 2.9 Throwing
 + Level 2.9 Armour
 + Level 5.5 Dodging
 + Level 5.1 Stealth
 + Level 2.9 Shields
 + Level 2.9 Unarmed Combat
 + Level 7.8 Spellcasting
 + Level 3.2 Conjurations
 + Level 2.3 Hexes
 + Level 3.2 Summonings
 + Level 2.3 Necromancy
 + Level 3.2 Translocations
 + Level 2.3 Transmutations
 + Level 2.3 Fire Magic
 + Level 2.3 Ice Magic
 + Level 2.3 Air Magic
 + Level 2.3 Earth Magic
 + Level 2.3 Poison Magic
 + Level 3.2 Invocations
 + Level 2.9 Evocations


You had 11 spell levels left.
You knew the following spells:

 Your Spells              Type           Power      Damage    Failure   Level
a - Magic Dart            Conj           60%        1d6       4%          1
b - Mephitic Cloud        Conj/Pois/Air  13%        N/A       16%         3
c - Poisonous Vapours     Pois/Air       26%        N/A       9%          2
d - Olgreb's Toxic Radia  Pois           13%        N/A       52%         4

Your spell library contained the following spells:

 Spells                   Type           Power      Damage    Failure   Level
 Beastly Appendage        Tmut           26%        N/A       6%          1
 Slow                     Hex            52%        N/A       6%          1
 Sting                    Tmut/Pois      52%        1d5       6%          1
 Blink                    Tloc           30%        N/A       6%          2
 Call Imp                 Summ           30%        N/A       6%          2
 Lesser Beckoning         Tloc           30%        N/A       6%          2
 Momentum Strike          Conj/Tloc      30%        3d8       6%          2
 Cigotuvi's Dreadful Rot  Necr/Pois/Air  26%        N/A       9%          2
 Ensorcelled Hibernation  Hex/Ice        26%        N/A       9%          2
 Passwall                 Tmut/Erth      10%        N/A       9%          2
 Wereblood                Tmut           13%        N/A       9%          2
 Spider Form              Tmut/Pois      13%        N/A       19%         3
 Swiftness                Air            13%        N/A       19%         3


Dungeon Overview and Level Annotations

Branches:
Dungeon (5/15)
 Temple: D:4-7

Altars:
Yredelemnul

Shops:
D:5 :


Innate Abilities, Weirdness & Mutations

You have very sharp teeth.
Your uncanny sense of smell can sniff out nearby items.
Your experience applies equally to all skills.


Message History

You feel sick.
The orc priest calls down the wrath of Beogh upon you.
Beogh smites you!
A sleepcap comes into view.
The adder bites you.
You hit the adder. Your bite misses the adder.
The adder is almost dead.
You feel sick. The adder misses you.
You barely miss the adder.
The adder is almost dead.
You feel sick.
You kill the adder!
The dead are slithering!
The orc priest closely misses you.
You feel sick.
The orc priest hits you but does no damage.
The sleepcap releases spores at you!
You are engulfed in a cloud of soporific spores!
You fall asleep.
Your adder zombie bites the orc priest.
You feel sick.
The orc priest looks satisfied for a moment.
The sleepcap completely misses you.
Your adder zombie bites the orc priest.
You feel sick. The orc priest hits you with a +0 mace!
You wake up.
* * * LOW HITPOINT WARNING * * *
The sleepcap releases spores at you.
* * * LOW HITPOINT WARNING * * *
Your adder zombie bites the orc priest.
You see here a +0 dagger.
You hit the orc priest.
The orc priest is poisoned.
The orc priest is severely wounded.
You feel sick.
You are no longer poisoned.
Your adder zombie closely misses the orc priest.
The orc priest looks braver for a moment.
The sleepcap barely misses you.
Your adder zombie bites the orc priest but does no damage.
The orc priest invokes the aid of Beogh against you.
Beogh smites you!
You die...
Your body rises from the dead as a mindless zombie.

#.#
#.#########
#.#########
#.#...# .##
#.#.8.+ #..
∆
#.#...#..#
#.#...#.#
#.'.8.'# #
∆ ###.of#
c##
#Z.@#)..#
#.8.)#
#...##
#####


You could see a sleepcap, an orc priest (very poisoned, ally target) and a
friendly adder zombie.

Vanquished Creatures
  A centaur (D:5)
  2 scorpions (D:4)
  2 hounds (D:4)
  A sleepcap (D:4)
  An iguana (D:5)
  Robin (D:3)
  20 gnolls
  5 adders
  2 ufetubi
  A dart slug (D:2)
  6 orcs
  4 endoplasms
  2 giant cockroaches (D:1)
  30 goblins
  32 hobgoblins
  3 jackals (D:1)
  7 kobolds
  3 quokkas
  8 ball pythons
  A ball python zombie (D:2)
  5 bats
  3 frilled lizards
  2 goblin zombies (D:2)
  2 hobgoblin zombies (D:4)
  3 rats
  A rat zombie (D:2)
148 creatures vanquished.

Vanquished Creatures (collateral kills)
  A howler monkey (D:5)
  A jelly (D:5)
  A gnoll (D:4)
  An adder (D:2)
  A worm (D:4)
  An endoplasm (D:4)
  10 goblins
  6 hobgoblins
  2 ball pythons
  A bat (D:2)
  A goblin zombie (D:3)
  2 rats
28 creatures vanquished.

Vanquished Creatures (others)
  A scorpion zombie (D:4)
  2 hound zombies (D:4)
  A howler monkey zombie (D:5)
  An adder zombie (D:2)
  An orc (D:2)
  A bat zombie (D:2)
  5 gnoll zombies
  A ball python zombie (D:2)
  An endoplasm zombie (D:4)
  A frilled lizard zombie (D:3)
  13 goblin zombies (D:4)
  16 hobgoblin zombies
  A kobold zombie (D:4)
  A quokka zombie (D:2)
  A spectral ufetubus (D:4)
47 creatures vanquished.

Grand Total: 223 creatures vanquished

Notes
Turn   | Place    | Note
-------+----------+-------------------------------------------
     0 | D:1      | melkoren the Gnoll Hedge Wizard began the quest for the
                  | Orb.
     0 | D:1      | Reached XP level 1. HP: 13/13 MP: 8/8
   293 | D:1      | Reached XP level 2. HP: 19/19 MP: 7/10
   555 | D:1      | Found a faded altar of an unknown god.
   571 | D:1      | Prayed at the altar of an unknown god.
   571 | D:1      | Became a worshipper of Yredelemnul the Dark
   571 | D:1      | Reached * piety under Yredelemnul
  1026 | D:2      | Reached XP level 3. HP: 20/25 MP: 11/11
  1107 | D:2      | Reached skill level 1 in Invocations
  1420 | D:2      | Reached skill level 1 in Fighting
  1420 | D:2      | Reached skill level 1 in Short Blades
  1420 | D:2      | Reached skill level 1 in Long Blades
  1420 | D:2      | Reached skill level 1 in Axes
  1420 | D:2      | Reached skill level 1 in Maces & Flails
  1420 | D:2      | Reached skill level 1 in Polearms
  1420 | D:2      | Reached skill level 1 in Staves
  1420 | D:2      | Reached skill level 1 in Ranged Weapons
  1420 | D:2      | Reached skill level 1 in Throwing
  1420 | D:2      | Reached skill level 1 in Armour
  1420 | D:2      | Reached skill level 1 in Shields
  1420 | D:2      | Reached skill level 1 in Unarmed Combat
  1420 | D:2      | Reached skill level 1 in Evocations
  1426 | D:2      | Reached XP level 4. HP: 31/32 MP: 13/13
  1690 | D:2      | Reached ** piety under Yredelemnul
  1809 | D:2      | Learned a level 3 spell: Mephitic Cloud
  1824 | D:2      | Reached skill level 1 in Hexes
  1824 | D:2      | Reached skill level 1 in Necromancy
  1824 | D:2      | Reached skill level 1 in Transmutations
  1824 | D:2      | Reached skill level 1 in Fire Magic
  1824 | D:2      | Reached skill level 1 in Ice Magic
  1824 | D:2      | Reached skill level 1 in Air Magic
  1824 | D:2      | Reached skill level 1 in Earth Magic
  1824 | D:2      | Reached skill level 1 in Poison Magic
  2411 | D:2      | Reached XP level 5. HP: 18/37 MP: 8/14
  2418 | D:2      | HP: 1/37 [orc/+0 whip (5)]
  3360 | D:3      | Noticed Robin
  3372 | D:3      | Killed Robin
  4153 | D:4      | Reached XP level 6. HP: 38/44 MP: 12/16
  4161 | D:4      | Learned a level 2 spell: Poisonous Vapours
  4172 | D:4      | Learned a level 4 spell: Olgreb's Toxic Radiance
  4316 | D:4      | Reached skill level 5 in Dodging
  5153 | D:4      | Reached XP level 7. HP: 50/50 MP: 16/18
  5665 | D:4      | Reached skill level 5 in Stealth
  6064 | D:5      | Entered Level 5 of the Dungeon
  6151 | D:5      | Found Jagoadgh's Vocational Training.
  6346 | D:5      | HP: 2/51 [poisoned by an adder]
  6347 | D:5      | Killed from afar by an orc priest

Illustrated notes

Levels and vault maps discovered:
D:1:      enne_arrival_octagon_isle, layout_basic,
          shapermc_ecumenical_altar_totnotflames
D:2:      layout_basic, grunt_decor_fettered, minmay_circled_x
D:3:      layout_rooms, serial_aquarium, aquarium_bridge_long_joined
          [aquarium_subvault_window, aquarium_subvault_window,
          aquarium_subvault_balcony, aquarium_subvault_bridge,
          aquarium_subvault_bridge, aquarium_subvault_bridge],
          aquarium_bridge_square [aquarium_subvault_bridge,
          aquarium_subvault_wall, aquarium_subvault_window,
          aquarium_subvault_bridge], aquarium_window_fake, aquarium_window_1,
          aquarium_window_1, aquarium_view_2e, aquarium_view_2d, minmay_unequal,
          uniq_robin
D:4:      minmay_goblin_kobold_castle, layout_rooms, solitary_fountain
D:5:      minmay_chambers_of_threes, layout_basic, serial_shops,
          nicolae_shop_bloodbath_and_beyond, ebering_dispersal_statue_hall,
          nicolae_shop_vocational, uniq_ijyb, uniq_sigmund

Skill      XL: |  1  2  3  4  5  6  7 |
---------------+----------------------+-----
Conjurations   | 2 3 |  3.2
Summonings     | 2 3 |  3.2
Translocations | 2 3 |  3.2
Invocations    | 1 2 3 |  3.2
Fighting       | 1 2 |  2.9
Short Blades   | 1 2 |  2.9
Long Blades    | 1 2 |  2.9
Axes           | 1 2 |  2.9
Maces & Flails | 1 2 |  2.9
Polearms       | 1 2 |  2.9
Staves         | 1 2 |  2.9
Ranged Weapons | 1 2 |  2.9
Throwing       | 1 2 |  2.9
Armour         | 1 2 |  2.9
Shields        | 1 2 |  2.9
Unarmed Combat | 1 2 |  2.9
Evocations     | 1 2 |  2.9
Hexes          | 1 2 |  2.3
Necromancy     | 1 2 |  2.3
Transmutations | 1 2 |  2.3
Fire Magic     | 1 2 |  2.3
Ice Magic      | 1 2 |  2.3
Air Magic      | 1 2 |  2.3
Earth Magic    | 1 2 |  2.3
Poison Magic   | 1 2 |  2.3
Dodging        | 5 |  5.5
Stealth        | 5 |  5.1
Spellcasting   | |  7.8

Action                     |  1- 3 |  4- 6 |  7- 9 || total
---------------------------+-------+-------+-------++-------
  Melee: Dagger            |     2 |       |       ||     2
         Staff             |    46 |    64 |       ||   110
         Bite              |     3 |    17 |     9 ||    29
         Spear             |       |   112 |    89 ||   201
         Punch             |       |     3 |       ||     3
  Throw: Dart              |       |     1 |       ||     1
   Cast: Magic Dart        |    31 |    99 |    15 ||   145
         Mephitic Cloud    |       |     7 |     3 ||    10
    Use: Potion            |     3 |       |     1 ||     4
         Scroll            |     1 |    10 |     3 ||    14
   Stab: Sleeping          |     3 |     2 |     1 ||     6
         Confused          |       |     4 |       ||     4
 Armour: Robe              |     5 |    31 |     5 ||    41
         Leather armour    |       |       |    10 ||    10
  Dodge: Dodged            |    49 |   190 |    76 ||   315
